 Dungeon Crawl Stone Soup version 0.26-a0-800-g517d6fe721 (webtiles) character file.

Game seed: 2091238327103920978

28 lunkers the Digger (level 3, -2/21 HPs)
             Began as an Octopode Earth Elementalist on Nov 11, 2020.
             Slain by a leopard gecko (5 damage)
             ... on level 2 of the Dungeon.
             The game lasted 00:00:57 (745 turns).

lunkers the Digger (Octopode Earth Elementalist)     Turns: 745, Time: 00:00:58

Health: -2/21      AC:  1    Str:  7    XL:     3   Next: 12%
Magic:  1/6        EV: 13    Int: 18    God:
Gold:   68         SH:  0    Dex: 12    Spells: 5/6 levels left

rFire    . . .     SeeInvis .   (no weapon)
rCold    . . .     Faith    .   (no shield)
rNeg     . . .     Spirit   .   (helmet restricted)
rPois    .         Reflect  .   g - amulet of regeneration
rElec    .         Harm     .   i - ring of flight
rCorr    .         Rampage  .   (no ring)
MR       .....                  (no ring)
Stlth    +++.......             (no ring)
HPRegen  0.47/turn              (no ring)
MPRegen  0.10/turn              (no ring)
                                (no ring)
                                (no ring)

@: lethally poisoned (-2 -> -2)
A: almost no armour, stealthy swim, amphibious, 8 rings, constrict 8, camouflage
1, gelatinous body 1
a: Evoke Flight


You were on level 2 of the Dungeon.
You visited 1 branch of the dungeon, and saw 2 of its levels.

You collected 68 gold pieces.

Inventory:

Missiles
 b - 42 stones (quivered)
Jewellery
 g - an amulet of regeneration (around mantle)
 i - a ring of flight (left tentacle)
Scrolls
 a - 2 scrolls of magic mapping {unknown}
 c - 2 scrolls of remove curse {unknown}
 d - 2 scrolls of teleportation {unknown}
 e - a scroll of identify {unknown}
 f - a scroll of blinking {unknown}
 j - a scroll of immolation {unknown}
Potions
 h - a potion of heal wounds {unknown}


   Skills:
 - Level 2.0 Dodging
 - Level 2.6 Stealth
 + Level 2.4 Spellcasting
   Level 1.0 Transmutations
 * Level 3.8 Earth Magic


You had 5 spell levels left.
You knew the following spells:

 Your Spells              Type           Power        Failure   Level
a - Sandblast             Erth           ###...       3%          1

Your spell library contained the following spells:

 Spells                   Type           Power        Failure   Level
 Passwall                 Tmut/Erth      ##......     10%         2
 Stone Arrow              Conj/Erth      #.....       24%         3
 Petrify                  Tmut/Erth      ##......     54%         4
 Lee's Rapid Deconstruct  Erth           ###.......   69%         5


Dungeon Overview and Level Annotations

Branches:
Dungeon (2/15)

Altars:


Innate Abilities, Weirdness & Mutations

You cannot wear most types of armour.
You are very stealthy in the water. (Stealth+)
You are amphibious.
You can wear up to eight rings at the same time.
You can use your tentacles to constrict eight enemies at once.
Your skin changes colour to match your surroundings (Stealth+).
Your rubbery body absorbs attacks. (AC +1, EV +1)


Message History

b - 42 stones
* * * LOW MAGIC WARNING * * *
You feel sick.
Unknown command.
Unknown command.
The leopard gecko closely misses you.
Found a spear.
You see here an adder corpse.
You feel sick.
Found a silvery potion and a thick lapis lazuli amulet.
A leopard gecko and a bat come into view.
You see here 7 gold pieces.
The leopard gecko closely misses you. The leopard gecko bites you.
* * * LOW HITPOINT WARNING * * *
Found 10 poisoned darts.
You feel sick. The leopard gecko misses you.
You see here an adder corpse.
The leopard gecko bites you.
You die...

#( ##.## ...# #.....
#.. ##...... ###.##
##......
##.....###......# #
#"........ #?..##.#
.........###.....#
.........l@†...####
.!.......###......##
.......$.# #<.......
.........# #........
#.).....## #........
........b #........
......... ##.......
.........# #.....#
.........# ######


You could see a leopard gecko.

Vanquished Creatures
  An adder (D:2)
  An ooze (D:1)
  3 hobgoblins (D:1)
  4 jackals
  2 bats (D:1)
  2 frilled lizards
  2 goblins (D:1)
15 creatures vanquished.

Notes
Turn   | Place    | Note
-------+----------+-------------------------------------------
     0 | D:1      | lunkers the Octopode Earth Elementalist began the quest for
                  | the Orb.
     0 | D:1      | Reached XP level 1. HP: 11/11 MP: 3/3
   199 | D:1      | Reached XP level 2. HP: 17/17 MP: 1/5
   736 | D:2      | Reached XP level 3. HP: 9/21 MP: 2/6
   745 | D:2      | Slain by a leopard gecko

Illustrated notes

Levels and vault maps discovered:
D:1:      tarquinn_simple_flora_water_c, layout_basic
D:2:      layout_rooms, tgw_trog, nemelex_xobeh_ov_fountains_minmay,
          chequers_ecumenical_altar_twisty

Action                   || total
-------------------------++-------
 Cast: Sandblast         ||    23
Armor: Skin              ||     1
Dodge: Dodged            ||    23

Table legend: (Time is in decaauts)
 A = Elapsed time spent in this place.
 B = Non-inter-level travel time spent in this place.
 C = Inter-level travel time spent in this place.
 D = Time resting spent in this place.
 E = Time spent auto-exploring this place.
 F = Levels seen in this place.
 G = Mean time per level.
                   A        B        C        D        E       F      G
               +--------+--------+--------+--------+--------+-----+--------+
         Total |    745 |    717 |     28 |     18 |    605 |   2 |  372.5 |
       Dungeon |    745 |    717 |     28 |     18 |    605 |   2 |  372.5 |
               +--------+--------+--------+--------+--------+-----+--------+

Top non-repeatable levels by time:
     D:1: 726 daAuts
     D:2: 19 daAuts
